 Dungeon Crawl Stone Soup version 0.30.1-4-g462c640d31 (webtiles) character file.

Game seed: 13803361213306791669

108 Brecoman the Chopper (level 4, 0/36 (38) HPs)
             Began as a Draconian Reaver on June 26, 2023.
             Slain by a gnoll
             ... wielding a +0 spear
              (3 damage)
             ... on level 3 of the Dungeon on Aug 31, 2023.
             The game lasted 00:09:52 (2198 turns).

Brecoman the Chopper (Draconian Reaver)             Turns: 2198, Time: 00:09:53

HP:   0/36 (38)     AC:  5    Str: 14    XL:     4   Next: 58%
MP:   4/7           EV: 12    Int: 16    God:
Gold: 110           SH:  0    Dex:  9    Spells: 2/8 levels left

rFire   . . .        h - +0 dagger (venom)
rCold   . . .        (no shield)
rNeg    . . .        (body armour unavailable)
rPois   .            (helmet restricted)
rElec   .            m - scarf {+Inv}
rCorr   +            (no gloves)
SInv    .            (no boots)
Will    +....        (no amulet)
Stlth   +            g - ring of resist corrosion
HPRegen 0.26/turn    o - ring of willpower
MPRegen 0.10/turn

%: no passive effects
@: drained
A: AC +5, unfitting armour, cold-blooded
a: Evoke Invisibility


You were on level 3 of the Dungeon.
You visited 1 branch of the dungeon, and saw 3 of its levels.

You collected 110 gold pieces.

Inventory:

Hand Weapons
 a - a +0 hand axe
 h - a +0 dagger of venom (weapon)
Missiles
 n - 19 stones
Armour
 m - a scarf of invisibility (worn)
Jewellery
 g - a ring of resist corrosion (left hand)
 o - a ring of willpower (right hand)
 p - a +6 ring of intelligence
Wands
 u - a wand of flame (19)
Scrolls
 d - 6 scrolls of identify {unknown}
 i - a scroll of amnesia {unknown}
 j - a scroll of butterflies {unknown}
 l - a scroll of immolation {unknown}
 q - a scroll of poison {unknown}
 t - a scroll of teleportation {unknown}
 w - a scroll of noise {unknown}
Potions
 b - 3 potions of curing {unknown}
 c - a potion of invisibility {unknown}
 e - a potion of lignification {unknown}
 f - a potion of heal wounds {unknown}
 k - 2 potions of brilliance {unknown}
 r - a potion of haste {unknown}
 s - 2 potions of attraction {unknown}
 v - a potion of resistance {unknown}


   Skills:
 + Level 3.1 Fighting
 + Level 3.6 Axes
 - Level 1.7 Dodging
 + Level 2.6 Spellcasting
 + Level 3.5 Conjurations
 - Level 1.3 Necromancy
 + Level 0.4 Ice Magic


You had 2 spell levels left.
You knew the following spells:

 Your Spells              Type           Power      Damage    Failure   Level
a - Kiss of Death         Conj/Necr      40%        2d8       7%          1
b - Momentum Strike       Conj/Tloc      14%        3d8       14%         2
c - Hailstorm             Conj/Ice       8%         3d4       26%         3

Your spell library contained the following spells:

 Spells                   Type           Power      Damage    Failure   Level
 Confusing Touch          Hex            2%         N/A       52%         3
 Dispel Undead            Necr           6%         3d8       73%         4


Dungeon Overview and Level Annotations

Branches:
Dungeon (3/15)

Altars:


Innate Abilities, Weirdness & Mutations

Your plain brown scales are hard. (AC +5)
You cannot fit into any form of body armour.
You are cold-blooded and may be slowed by cold attacks.


Message History

Okay, then.
A goblin comes into view. It is wielding a +0 club.
The goblin shouts!
The goblin unwields a +0 club.
The goblin wields a +0 sling.
The goblin shoots a sling bullet.
The sling bullet hits you but does no damage.
Casting: Hailstorm (quite dangerous; 26% risk of failure)
Confirm with . or Enter, or press ? or * to list all spells.
The spell is quite dangerous to miscast (26% risk of failure)!
Continue anyway?
Uppercase [Y]es or [N]o only, please.
The spell is quite dangerous to miscast (26% risk of failure)!
Continue anyway?
Casting: Hailstorm (quite dangerous; 26% risk of failure)
Press: ? - help, Dir - look around, f - activate A cannonade of hail descends around you!
The hail pelts the gnoll.
The gnoll is moderately wounded.
The hail pelts the gnoll.
The gnoll is heavily wounded.
The gnoll hits you from afar with a +0 spear.
The gnoll hits you with a +0 spear.
You hit the gnoll.
The gnoll is poisoned.
The gnoll is heavily wounded.
The gnoll misses you. The gnoll hits you with a +0 club.
You closely miss the gnoll.
The gnoll is heavily wounded.
The goblin shoots a sling bullet.
The sling bullet hits you. The gnoll hits you with a +0 club.
The gnoll hits you from afar with a +0 spear.
* * * LOW HITPOINT WARNING * * *
Unknown command.
You closely miss the gnoll.
The gnoll is moderately wounded.
The goblin shoots a sling bullet.
The sling bullet misses you. The gnoll closely misses you.
The gnoll misses you. The gnoll hits you but does no damage.
The gnoll attacks as you move away! The gnoll misses you.
The goblin shoots a sling bullet.
The sling bullet hits you.
* * * LOW HITPOINT WARNING * * *
The gnoll hits you from afar with a +0 spear.
You die...

#..........
#.......... .
#######.......... ..
#....##.......... .g
#....##....#'#### ..
#....##....#.# #.
#....##....#.####
#.##..).##....#.##<.
#..@g...##....#.####
####....##....#.####
#g.........#.....
#####g.##..........
......g..###.#.#.<..
....g..........#....
.....g...#..####....
......#...>.........
#####.#.#####.##....


You could see 4 gnolls and a goblin.

Vanquished Creatures
  5 adders
  A worm (D:2)
  An orc (D:3)
  7 bats
  6 endoplasms
  2 giant cockroaches (D:1)
  5 goblins
  7 hobgoblins (D:1)
  3 jackals (D:2)
  4 ball pythons
  4 frilled lizards
  6 kobolds
  6 rats
57 creatures vanquished.

Notes
Turn   | Place    | Note
-------+----------+-------------------------------------------
     0 | D:1      | Brecoman the Draconian Reaver began the quest for the Orb.
     0 | D:1      | Reached XP level 1. HP: 17/17 MP: 3/3
   183 | D:1      | Reached XP level 2. HP: 20/25 MP: 5/5
   636 | D:1      | Reached skill level 1 in Necromancy
   636 | D:1      | Reached XP level 3. HP: 27/30 MP: 6/6
   802 | D:1      | Upgraded the game from 0.30.0-30-g96aa6591b8 to
                  | 0.30.1-4-g462c640d31
   892 | D:2      | Learned a level 2 spell: Momentum Strike
  1214 | D:2      | Reached XP level 4. HP: 27/33 MP: 7/7
  1252 | D:2      | Learned a level 3 spell: Hailstorm
  2198 | D:3      | Slain by a gnoll

Illustrated notes

Levels and vault maps discovered:
D:1:      tarquinn_simple_flora_water_e, layout_loops_ring, serial_glass,
          glass_columns_a, glass_columns_a, item_on_display_a,
          minmay_strange_pillars, due_unseen_surprise, minmay_strange_pillars
D:2:      layout_basic, minmay_hexomino_u4
D:3:      layout_basic, grunt_temple_overflow_open, lemuel_flame_loot_1

Skill      XL: |  1  2  3 |
---------------+----------+-----
Necromancy     | 1 |  1.3
Fighting       | 3 |  3.1
Axes           | |  3.6
Dodging        | |  1.7
Spellcasting   | |  2.6
Conjurations   | |  3.5
Ice Magic      | |  0.4

Action                     |  1- 3 |  4- 6 || total
---------------------------+-------+-------++-------
  Melee: Hand axe          |    67 |       ||    67
         Tailslap          |     8 |     8 ||    16
         Dagger            |    74 |    78 ||   152
   Cast: Kiss of Death     |     3 |       ||     3
         Momentum Strike   |     5 |       ||     5
         Hailstorm         |       |     1 ||     1
   Stab: Sleeping          |       |     1 ||     1
 Armour: Skin              |    41 |    19 ||    60
  Dodge: Dodged            |    89 |    60 ||   149
